 Dungeon Crawl Stone Soup version 0.28-a0-728-g0181a31188 (webtiles) character file.

Game seed: 15193893901128826499

5469 DungeonMaster the Fighter (level 10, 80/80 HPs)
             Began as a Demonspawn Wanderer on Oct 28, 2021.
             Quit the game on level 9 of the Dungeon.
             The game lasted 00:27:18 (13111 turns).

DungeonMaster the Fighter (Demonspawn Wanderer)    Turns: 13111, Time: 00:27:18

Health: 80/80      AC: 15    Str: 15    XL:     10   Next: 41%
Magic:  29/29      EV: 28    Int: 13    God:
Gold:   676        SH:  6    Dex: 14    Spells: 23/23 levels left

rFire   . . .      SeeInvis .   a - +4 dagger (venom)
rCold   . . .      Faith    .   (no shield)
rNeg    . . .      Spirit   +   h - +1 ring mail
rPois   .          Reflect  .   (helmet restricted)
rElec   .          Harm     .   F - +0 cloak
rCorr   .          Rampage  .   C - +0 pair of gloves
Will    .....                   k - +0 pair of boots
Stlth   +.........              r - amulet of the acrobat
HPRegen 0.23/turn               l - ring of magical power
MPRegen 0.42/turn               A - +4 ring of protection

@: acrobatic
A: horns 2, large bone plates 2, magic shield, magic regeneration
a: no special abilities


You were on level 9 of the Dungeon.
You visited 2 branches of the dungeon, and saw 10 of its levels.
You also visited: Ossuary.

You collected 676 gold pieces.

Inventory:

Hand Weapons
 a - a +4 dagger of venom (weapon)
 d - a +2 hand axe of freezing
 n - a +3 short sword
 s - a +5 quarterstaff of chaos
 w - a +3 vorpal hunting sling
 G - a +3 dagger
 H - a +0 quarterstaff of speed
 J - the +5 shortbow of Fortitude {speed, rF+ Str+6 Dex-2}
   (You found it in an ossuary)

   Attacks with this weapon are significantly faster.
   Str:       It affects your strength (+6).
   Dex:       It affects your dexterity (-2).
   rF:        It protects you from fire.
 X - a +0 scimitar of protection
Missiles
 b - 3 curare-tipped darts
 f - 145 bolts
 g - 184 stones
 j - 114 sling bullets
 q - 143 arrows
 t - 9 poisoned darts (quivered)
 u - 10 boomerangs
 z - 4 datura-tipped darts
 E - 2 throwing nets
Armour
 h - a +1 ring mail (worn)
 k - a +0 pair of boots (worn)
 p - +0 steam dragon scales
 v - a +2 robe of cold resistance
 C - a +0 pair of gloves (worn)
 F - a +0 cloak (worn)
 W - a +0 troll leather armour
Jewellery
 l - a ring of magical power (left hand)
 r - an amulet of the acrobat (around neck)
 A - a +4 ring of protection (right hand)
 D - an amulet of magic regeneration
 I - a ring of protection from fire
 M - a ring of resist corrosion
 V - a ring of wizardry
Wands
 i - a wand of flame (8)
 N - a wand of paralysis (8)
 T - a wand of acid (3)
 U - a wand of digging (3)
Scrolls
 o - a scroll of identify
 x - 4 scrolls of teleportation
 y - 2 scrolls of blinking
 B - a scroll of magic mapping
 O - 2 scrolls of amnesia
Potions
 c - 3 potions of lignification
 e - a potion of brilliance
 m - 4 potions of flight
 K - a potion of cancellation
 P - a potion of curing {unknown}
 Q - 2 potions of mutation
 R - a potion of heal wounds {unknown}
 S - 2 potions of ambrosia {unknown}
 Y - a potion of degeneration {unknown}
Miscellaneous
 L - a lightning rod (4/4)


   Skills:
 * Level 8.0 Fighting
 - Level 1.0 Polearms
 - Level 1.0 Throwing
 * Level 6.9 Armour
 * Level 7.1 Dodging
 - Level 1.0 Stealth
 * Level 7.0 Spellcasting
 - Level 3.3 Conjurations
 - Level 1.0 Evocations


You had 23 spell levels left.
You didn't know any spells.
Your spell library contained the following spells:

 Spells                   Type           Power      Damage    Failure   Level
 Searing Ray              Conj           26%        2d5       11%         2
 Static Discharge         Conj/Air       8%         N/A       21%         2
 Mephitic Cloud           Conj/Pois/Air  7%         N/A       45%         3
 Ignite Poison            Fire/Tmut/Pois 4%         N/A       63%         3
 Inner Flame              Hex/Fire       4%         N/A       63%         3
 Cause Fear               Hex            2%         N/A       95%         4
 Freezing Cloud           Conj/Ice/Air   3%         6-21      99%         5
 Discord                  Hex            2%         N/A       100%        8


Dungeon Overview and Level Annotations

Branches:
Dungeon (9/15)             Temple (1/1) D:6            Lair (0/6) D:9
Ossuary (visited)
    Orc: D:9-12

Altars:
Ashenzari
Cheibriados
Dithmenos
Elyvilon
Fedhas
Hepliaklqana
Kikubaaqudgha
Makhleb
Nemelex Xobeh
Okawaru
Qazlal
Ru
Sif Muna
Trog
Uskayaw
Vehumet
Wu Jian
Xom
Yredelemnul
Zin
The Shining One

Shops:
D:4 *   D:5 [(*=   D:7 [

Annotations:
D:3 3 runed translucent doors, kwasso's ghost, novice FoCK
D:7 1 runed translucent door, TimeIsEndless's ghost, novice TrGl
D:8 1 runed translucent door, juzbaz's ghost, novice OgWz


Innate Abilities, Weirdness & Mutations

You have a pair of horns on your head.
You are mostly covered in large bone plates. (SH +6)
When hurt, damage is shared between your health and your magic reserves.
You regenerate magic rapidly.


Message History

You hit the centaur but do no damage.
The centaur looks even sicker.
The centaur is heavily wounded.
The centaur hits you but does no damage.
The centaur closely misses you. The centaur barely misses you. x2
You hit the centaur but do no damage.
The centaur looks as sick as possible!
The centaur is heavily wounded.
The centaur misses you. The centaur barely misses you.
You barely miss the centaur.
The centaur is heavily wounded.
You block the centaur's attack.
The centaur kicks you but does no damage.
The centaur hits you. The centaur kicks you.
You barely miss the centaur. You headbutt the centaur.
The centaur is almost dead.
You kill the centaur!
You hit the orc.
The orc is poisoned.
The orc is heavily wounded.
The orc hits you but does no damage.
You hit the orc.
The orc looks as sick as possible!
You headbutt the orc.
You kill the orc!
Things that are here:
a +0 short sword; a +0 ring mail
q - 120 arrows (gained 4)
You see here a +0 shortbow.
Found a scale mail.
Found a scroll of teleportation, 14 gold pieces and a ring mail.
Found 19 gold pieces, a ring of resist corrosion and 14 stones.
Y - an emerald potion
q - 143 arrows (gained 23)
There is an escape hatch in the ceiling here.
You now have 667 gold pieces (gained 9).
There is an escape hatch in the ceiling here.
You now have 676 gold pieces (gained 9).
There is an escape hatch in the floor here.
There is an escape hatch in the floor here.
Things that are here:
a +0 short sword; a +0 ring mail
There is a stone staircase leading down here.
Done exploring.
Are you sure you want to abandon this character and quit the game? (Confirm with "yes".)

##.....####..#
...###......##
..####..###.## .##
#..## ##.# ..###.##
#.# ...#..# #.##
.....## ##.####
.....# #.##.##
.....#### ##...@.#
........####..#..##
#............###.#
#......###....##.#
#...............###
...........####...#
##...####.## #####
###.## #.# ### ###


There were no monsters in sight!

Vanquished Creatures
  A two-headed ogre (D:8)
  Joseph (D:7)
  A troll (D:9)
  7 yaks
  Eustachio (D:5)
  2 steam dragons
  2 wargs (D:9)
  An acid dragon (D:8)
  3 orc warriors
  A necrophage (D:7)
  A black bear (D:6)
  2 ice beasts (D:6)
  2 centaurs (D:9)
  2 ogres (D:6)
  An elf zombie (Ossuary)
  A gnoll sergeant (D:6)
  3 bullfrogs
  2 scorpions
  A wyvern zombie (D:9)
  2 water moccasin skeletons
  A wight (D:6)
  2 howler monkeys (D:9)
  A bullfrog zombie (D:5)
  2 centaur zombies
  2 hounds (D:6)
  A jelly (D:7)
  3 orc priests
  Crazy Yiuf (D:7)
  3 iguanas
  Ijyb (D:3)
  9 orc wizards
  A killer bee zombie (D:8)
  A hound zombie (Ossuary)
  4 mummies (Ossuary)
  4 gnolls (D:2)
  2 howler monkey skeletons
  4 adders
  A shadow imp (D:5)
  3 white imps
  2 adder zombies (Ossuary)
  A worm (D:2)
  37 orcs
  8 ball pythons
  11 endoplasms
  5 giant cockroaches
  2 gnoll zombies (Ossuary)
  11 goblins
  7 hobgoblins
  3 jackals (D:3)
  12 kobolds
  A quokka (D:2)
  4 bats
  3 frilled lizards
  A hobgoblin zombie (Ossuary)
  A jackal zombie (Ossuary)
  A kobold zombie (Ossuary)
  An orc zombie (Ossuary)
  6 rats
  2 rat zombies (Ossuary)
202 creatures vanquished.

Notes
Turn   | Place    | Note
-------+----------+-------------------------------------------
     0 | D:1      | DungeonMaster the Demonspawn Wanderer began the quest for
                  | the Orb.
     0 | D:1      | DungeonMaster set off with the following items: a +2
                  | dagger, 4 curare-tipped darts, a potion of lignification, a
                  | +0 robe; and the following spells available to memorise:
                  | Searing Ray, Static Discharge
     0 | D:1      | Reached XP level 1. HP: 16/16 MP: 2/2
   397 | D:1      | Gained mutation: You are partially covered in large bone
                  | plates. (SH +4) [demonic ancestry]
   397 | D:1      | Reached XP level 2. HP: 19/22 MP: 3/3
  1218 | D:1      | Found a faded altar of an unknown god.
  1482 | D:1      | Gained mutation: You have a pair of small horns on your
                  | head. [demonic ancestry]
  1482 | D:1      | Reached XP level 3. HP: 27/28 MP: 5/5
  1873 | D:2      | Reached skill level 1 in Armour
  1873 | D:2      | Gained mutation: You regenerate magic rapidly. [demonic
                  | ancestry]
  1873 | D:2      | Reached XP level 4. HP: 22/34 MP: 6/6
  2721 | D:3      | Noticed Ijyb
  2738 | D:3      | Killed Ijyb
  2739 | D:3      | Reached skill level 3 in Fighting
  2739 | D:3      | Reached XP level 5. HP: 32/41 MP: 8/8
  2981 | D:3      | Found a runed translucent gate.
  2982 | D:3      | Found a runed translucent gate.
  2982 | D:3      | Found a runed translucent gate.
  2983 | D:3      | Noticed kwasso's ghost (novice FoCK)
  3752 | D:4      | Found Kost's Lightly-Used Armoury.
  3812 | D:4      | Found an iron altar of Okawaru.
  3836 | D:4      | Reached XP level 6. HP: 44/47 MP: 9/9
  4760 | D:5      | Entered Level 5 of the Dungeon
  4760 | D:5      | Found Voxaev's Assorted Antiques.
  4783 | D:5      | Found Saysu's Weapon Boutique.
  5059 | D:5      | Noticed a yak
  5059 | D:5      | Noticed a yak
  5090 | D:5      | Killed a yak
  5091 | D:5      | Reached skill level 4 in Fighting
  5091 | D:5      | Gained mutation: You have a pair of horns on your head.
                  | [demonic ancestry]
  5091 | D:5      | Reached XP level 7. HP: 54/54 MP: 11/11
  5111 | D:5      | Noticed a yak
  5111 | D:5      | Noticed a yak
  5128 | D:5      | Killed a yak
  5152 | D:5      | Killed a yak
  5166 | D:5      | Killed a yak
  5408 | D:5      | Found Puedirocs's Jewellery Emporium.
  5693 | D:5      | Gained mutation: You are mostly covered in large bone
                  | plates. (SH +6) [demonic ancestry]
  5693 | D:5      | Reached XP level 8. HP: 54/61 MP: 12/14
  5726 | D:5      | Found Qyfisis's Armour Shop.
  5790 | D:5      | Noticed Eustachio
  5811 | D:5      | Killed Eustachio
  5812 | D:5      | Reached skill level 5 in Fighting
  5862 | D:5      | Found an ornate altar of the Wu Jian Council.
  5872 | D:5      | Found a shimmering blue altar of Sif Muna.
  6492 | D:6      | Found a staircase to the Ecumenical Temple.
  6767 | D:6      | Found a burning altar of Makhleb.
  7164 | D:6      | Reached skill level 5 in Dodging
  7164 | D:6      | Reached skill level 5 in Spellcasting
  7948 | D:6      | Reached skill level 6 in Fighting
  7958 | D:6      | Reached skill level 5 in Armour
  7958 | D:6      | Gained mutation: When hurt, damage is shared between your
                  | health and your magic reserves. [demonic ancestry]
  7958 | D:6      | Reached XP level 9. HP: 69/69 MP: 16/16
  8366 | D:6      | Found a shimmering altar of Xom.
  8557 | Temple   | Entered the Ecumenical Temple
  9013 | D:7      | Found Onouss's Antique Armour Boutique.
  9082 | D:7      | Found a bloodstained altar of Trog.
  9190 | D:7      | Found a runed translucent door.
  9191 | D:7      | Noticed Crazy Yiuf
  9199 | D:7      | Killed Crazy Yiuf
  9330 | D:7      | Noticed Joseph
  9362 | D:7      | Killed Joseph
 10052 | D:7      | Found a runed translucent door.
 10056 | D:7      | Noticed TimeIsEndless's ghost (novice TrGl)
 10178 | D:8      | Found a sand-covered staircase.
 10183 | Ossuary  | Entered an ossuary
 10303 | Ossuary  | Identified the +5 shortbow of Fortitude {speed, rF+ Str+6
                  | Dex-2}
 10541 | D:8      | Noticed a +0 spear
 10541 | D:8      | Noticed a +0 spear
 10542 | D:8      | Noticed a +0 falchion
 10542 | D:8      | Noticed a +0 dagger
 10542 | D:8      | Noticed a +0 short sword
 10543 | D:8      | Noticed a +0 falchion
 10543 | D:8      | Noticed a +0 dagger
 10544 | D:8      | Noticed a +0 short sword
 10553 | D:8      | Found a hide-covered altar of Uskayaw.
 10714 | D:8      | Found a runed translucent door.
 10714 | D:8      | Found a shimmering altar of Xom.
 10714 | D:8      | Noticed a +1 long sword of chaos
 10714 | D:8      | Noticed juzbaz's ghost (novice OgWz)
 10721 | D:8      | Found a snail-covered altar of Cheibriados.
 10747 | D:8      | Reached skill level 7 in Fighting
 10954 | D:8      | Noticed a two-headed ogre
 10975 | D:8      | Killed a two-headed ogre
 10976 | D:8      | Reached XP level 10. HP: 61/79 MP: 19/19
 11246 | D:8      | Found a sparkling altar of Nemelex Xobeh.
 11831 | D:9      | Found a staircase to the Lair.
 11897 | D:9      | Found a blossoming altar of Fedhas.
 12444 | D:9      | Reached skill level 8 in Fighting
 13111 | D:9      | Quit the game

Illustrated notes

Levels and vault maps discovered:
D:1:      minmay_arrival_radiant_lines, layout_basic,
          shapermc_ecumenical_altar_hornbeckon
D:2:      layout_rooms, item_on_display_a
D:3:      layout_loops_ring, zin_treasury, gammafunk_ghost_split,
          amcnicky_mini_pool_small, uniq_ijyb
D:4:      layout_loops_cross, okawaru_trees_1, tso_altar, minmay_shop_damaged
D:5:      layout_loops_cross, amethyst_overflow_temple_binary, serial_shops,
          nicolae_stop_n_shop_2, nicolae_shop_stone, nicolae_stop_n_shop_2,
          nicolae_shop_waterfront, minmay_misc_feat_nine_boxes, uniq_eustachio
D:6:      minmay_recursive_quarters, layout_gridville, amcnicky_altar_gilded,
          mainiacjoe_overflow_brackets, minmay_temple_entry_overgrown,
          grunt_decor_cap
D:7:      layout_loops_ring, trog_hazing_becter, gammafunk_ghost_grave,
          serial_shops, nicolae_shop_window_shopping, uniq_joseph,
          uniq_crazy_yiuf_cottage
D:8:      layout_gridville, mainiacjoe_overflow_cross_hatched,
          nicolae_uskayaw_en_pointe, mainiacjoe_overflow_alcove_2,
          ebering_ghost_xom, nicolae_ossuary_entry_plus
D:9:      layout_layer_cave, overflow_temple_1_default,
          erik_lair_orcish_takeover, serial_glass, glass_columns_a,
          glass_columns_a, due_unseen_surprise, minmay_strange_pillars
Temple:   compressed_dpeg_triangle_lava_temple

Skill      XL: |  1  2  3  4  5  6  7  8  9 10 |
---------------+-------------------------------+-----
Armour         | 1 2 3 5 6 |  6.9
Dodging        | 2 3 4 5 6 7 |  7.1
Spellcasting   | 2 3 4 5 6 7 |  7.0
Fighting       | 3 4 6 7 8 |  8.0
Conjurations   | 3 |  3.3
Polearms       | |  1.0
Throwing       | |  1.0
Stealth        | |  1.0
Evocations     | |  1.0

Action                   |  1- 3 |  4- 6 |  7- 9 | 10-12 || total
-------------------------+-------+-------+-------+-------++-------
Melee: Dagger            |   124 |   197 |   214 |    86 ||   621
       Headbutt          |     3 |    28 |    86 |    18 ||   135
       Hand axe          |       |       |    41 |       ||    41
       Quarterstaff      |       |       |    69 |    19 ||    88
       Short sword       |       |       |     6 |       ||     6
Throw: Stone             |       |     4 |     2 |       ||     6
       Dart              |       |     4 |    47 |     7 ||    58
       Throwing net      |       |       |     1 |       ||     1
Evoke: Wand              |       |       |    12 |       ||    12
  Use: Scroll            |       |     6 |    12 |     1 ||    19
       Potion            |       |       |     2 |       ||     2
 Stab: Held in net/web   |       |       |     1 |       ||     1
       Paralysed         |       |       |     1 |       ||     1
Armor: Robe              |     5 |       |       |       ||     5
       Ring mail         |    25 |    35 |   106 |    49 ||   215
Dodge: Dodged            |    64 |    83 |   253 |    95 ||   495
Block: Other             |    11 |    31 |   112 |    31 ||   185

Table legend: (Time is in decaauts)
 A = Elapsed time spent in this place.
 B = Non-inter-level travel time spent in this place.
 C = Inter-level travel time spent in this place.
 D = Time resting spent in this place.
 E = Time spent auto-exploring this place.
 F = Levels seen in this place.
 G = Mean time per level.
                   A        B        C        D        E       F      G
               +--------+--------+--------+--------+--------+-----+--------+
         Total |  13124 |  12787 |    337 |   3799 |   6552 |  11 | 1193.1 |
       Dungeon |  12543 |  12217 |    326 |   3687 |   6274 |   9 | 1393.7 |
        Temple |    261 |    251 |     10 |      0 |    245 |   1 |  261.0 |
       Ossuary |    318 |    318 |      0 |    112 |     33 |   1 |  318.0 |
               +--------+--------+--------+--------+--------+-----+--------+

Top non-repeatable levels by time:
     D:6: 2222 daAuts
     D:5: 1597 daAuts
     D:9: 1583 daAuts
     D:1: 1517 daAuts
     D:7: 1279 daAuts
     D:4: 1121 daAuts
     D:2: 1097 daAuts
     D:8: 1095 daAuts
     D:3: 1027 daAuts
 Ossuary: 318 daAuts
  Temple: 261 daAuts
